 Dungeon Crawl Stone Soup version 0.21.0-24-g2553a33 (webtiles) character file.

181 raph the Chiller (level 5, -2/38 HPs)
             Began as a Ghoul Ice Elementalist on Jan 20, 2018.
             Slain by Menkaure (18 damage)
             ... on level 4 of the Dungeon.
             The game lasted 00:07:43 (3567 turns).

raph the Chiller (Ghoul Ice Elementalist)           Turns: 3567, Time: 00:07:44

Health: -2/38      AC:  3    Str: 12    XL:     5   Next: 61%
Magic:  2/8        EV: 12    Int: 11    God:
Gold:   149        SH:  0    Dex:  9    Spells: 6/9 levels left

rFire    . . .     SeeInvis .   r - +0 quarterstaff
rCold    + . .     Gourm    .   (shield currently unavailable)
rNeg     + + +     Faith    .   i - +0 leather armour
rPois    ∞         Spirit   .   (no helmet)
rElec    .         Reflect  .   (no cloak)
rCorr    .         Harm     .   (no gloves)
MR       .....                  (no boots)
Stlth    ++........             (no amulet)
HPRegen  0.00/turn              (no ring)
MPRegen  0.11/turn              (no ring)

@: very slightly contaminated, rotting
A: rotting body, claws 1, carnivore, cold resistance 1, negative energy
resistance 3, inhibited regeneration, torment resistance, unbreathing
a: no special abilities


You were on level 4 of the Dungeon.
You were not hungry.

You visited 1 branch of the dungeon, and saw 4 of its levels.

You collected 149 gold pieces.

Inventory:

Hand Weapons
 d - a +0 dagger
 r - a +0 quarterstaff (weapon)
Missiles
 j - 34 stones (quivered)
Armour
 a - a +0 robe
 i - a +0 leather armour (worn)
Jewellery
 o - a cursed -3 ring of dexterity {unknown}
Scrolls
 e - a scroll of enchant armour {unknown}
 f - a scroll of random uselessness {unknown}
 g - 4 scrolls of identify {unknown}
 k - a scroll of remove curse {unknown}
 l - a scroll of blinking {unknown}
 m - a scroll of enchant weapon {unknown}
 n - a scroll of teleportation {unknown}
 t - a scroll of fear {unknown}
Potions
 p - a potion of resistance {unknown}
 s - a potion of heal wounds {unknown}
Books
 b - a book of Frost

   Spells                             Type                      Level
   a - Freeze                         Ice                          1
   b - Throw Frost                    Conjuration/Ice              2
   c - Ozocubu's Armour               Charms/Ice                   3
   d - Throw Icicle                   Conjuration/Ice              4
   e - Summon Ice Beast               Ice/Summoning                4
 h - a book of Cantrips

   Spells                             Type                      Level
   a - Confusing Touch                Hexes                        1
   b - Animate Skeleton               Necromancy                   1
   c - Summon Small Mammal            Summoning                    1
   d - Apportation                    Translocation                1
Comestibles
 c - 6 rations


   Skills:
 - Level 0.1 Fighting
 - Level 0.3 Short Blades
 - Level 1.0 Armour
 - Level 2.1 Dodging
 - Level 2.4 Stealth
 - Level 0.2 Unarmed Combat
 + Level 2.8 Spellcasting
 - Level 0.7 Conjurations
 * Level 5.3 Ice Magic


You had 6 spell levels left.
You knew the following spells:

 Your Spells              Type           Power        Failure   Level  Hunger
a - Freeze                Ice            ##..         3%          1    #......
b - Throw Frost           Conj/Ice       #.....       14%         2    ###....


Dungeon Overview and Level Annotations

Branches:
Dungeon (4/15)
 Temple: D:4-7

Altars:
Yredelemnul

Annotations:
D:3 Robin
D:4 Menkaure


Innate Abilities, Weirdness & Mutations

Your body is rotting away.
You thrive on raw meat.
You are immune to poison.
You have sharp fingernails.
You are carnivorous and can eat meat at any time.
Your flesh is cold resistant. (rC+)
You are immune to negative energy. (rN+++)
You do not regenerate when monsters are visible.
You are immune to unholy pain and torment.
You can survive without breathing.


Message History

The worker ant is moderately wounded.
The goblin closely misses you. The worker ant barely misses you.
Menkaure hits you.
Casting: Freeze
Confirm with . or Enter, or press ? or * to list all spells.
Aiming: Freeze
Press: ? - help, Shift-Dir - straight line, f - goblin, p - worker ant
Aim: a goblin You freeze the goblin.
The goblin is moderately wounded.
The worker ant barely misses you. The goblin closely misses you.
You barely miss Menkaure.
The worker ant waves its antennae.
The worker ant closely misses you. Menkaure barely misses you.
The goblin hits you. The scorpion closely misses you.
The worker ant closely misses you.
You sock Menkaure!
Menkaure is moderately damaged.
Menkaure hits you!!
You die...

#########
......Mg#
......a@#
......s.#
........#
..?.....#
.?......#
%.......#
#########


You could see Menkaure, a scorpion, a worker ant and a goblin.

Vanquished Creatures
  A howler monkey (D:3)
  3 gnolls
  4 adders
  An ooze (D:3)
  A worm (D:2)
  4 leopard geckos
  10 bats
  3 giant cockroaches (D:1)
  10 goblins
  6 hobgoblins
  5 jackals (D:3)
  5 kobolds
  A quokka (D:2)
  3 ball pythons
  2 frilled lizards
  3 rats
62 creatures vanquished.

Notes
Turn   | Place    | Note
-------+----------+-------------------------------------------
     0 | D:1      | raph the Ghoul Ice Elementalist began the quest for the Orb.
     0 | D:1      | Reached XP level 1. HP: 14/14 MP: 2/2
   117 | D:1      | Reached XP level 2. HP: 11/20 MP: 1/3
   566 | D:1      | Reached skill level 4 in Ice Magic
   960 | D:1      | Reached XP level 3. HP: 23/26 MP: 2/4
  1350 | D:2      | Found a basalt altar of Yredelemnul.
  1902 | D:2      | Reached XP level 4. HP: 8/31 MP: 0/6
  2076 | D:2      | Reached skill level 1 in Armour
  2358 | D:2      | Learned a level 2 spell: Throw Frost
  3120 | D:3      | Reached XP level 5. HP: 38/38 MP: 7/7
  3334 | D:3      | Reached skill level 5 in Ice Magic
  3546 | D:3      | Noticed Robin
  3559 | D:4      | Noticed Menkaure
  3567 | D:4      | Slain by Menkaure

Skill      XL: |  1  2  3  4  5 |
---------------+----------------+-----
Dodging        | 2 |  2.1
Ice Magic      | 4 5 |  5.3
Spellcasting   | 2 |  2.8
Armour         | 1 |  1.0
Fighting       | |  0.1
Short Blades   | |  0.3
Stealth        | |  2.4
Unarmed Combat | |  0.2
Conjurations   | |  0.7

Action                   |  1- 3 |  4- 6 || total
-------------------------+-------+-------++-------
Melee: Unarmed           |    28 |       ||    28
       Dagger            |    23 |    23 ||    46
       Quarterstaff      |       |    12 ||    12
 Cast: Freeze            |    47 |    62 ||   109
       Throw Frost       |       |     2 ||     2
 Stab: Sleeping          |     2 |     1 ||     3
  Eat: Chunk             |     4 |    12 ||    16
       Ration            |     1 |       ||     1
Armor: Robe              |    17 |       ||    17
       Leather armour    |    16 |    20 ||    36
Dodge: Dodged            |    69 |    83 ||   152
